 Dungeon Crawl Stone Soup version 0.19.0-22-gd96e5fe (webtiles) character file.

28 joejoepie the Vexing (level 3, 0/26 HPs)
             Began as a Formicid Arcane Marksman on Nov 18, 2016.
             Slain by a worm (11 damage)
             ... on level 2 of the Dungeon.
             The game lasted 00:12:23 (1181 turns).

joejoepie the Vexing (Formicid Arcane Marksman)     Turns: 1181, Time: 00:12:24

Health: 0/26       AC:  2    Str: 15    XL:     3   Next: 30%
Magic:  4/4        EV: 12    Int: 12    God:
Gold:   28         SH:  0    Dex: 11    Spells: 1 memorised, 3 levels left

rFire  . . .     SeeInvis +     b - +0 spear
rCold  . . .     Gourm    .     e - +0 robe
rNeg   . . .     Faith    .     (no shield)
rPois  .         Spirit   .     (helmet unavailable)
rElec  .         Reflect  .     (no cloak)
rCorr  .         Harm     .     (no gloves)
MR     .....                    (no boots)
Stlth  +.........               (no amulet)
                                (no ring)
                                (no ring)

@: no status effects
A: permanent stasis, dig shafts and tunnels, four strong arms, antennae 3
a: Dig, Shaft Self


You were on level 2 of the Dungeon.
You were not hungry.

You visited 1 branch of the dungeon, and saw 2 of its levels.

You collected 28 gold pieces.

Inventory:

Hand Weapons
 a - a +0 hunting sling
 b - a +0 spear (weapon)
 g - a +0 whip
 h - a +0 club
 l - a +0 club
 m - a +0 hunting sling
 o - a +0 short sword
Missiles
 d - 26 sling bullets
 n - 9 stones (quivered)
Armour
 e - a +0 robe (worn)
Scrolls
 i - a scroll of identify
 j - a scroll of teleportation {unknown}
 k - a scroll of enchant armour {unknown}
Potions
 p - a potion of lignification
Books
 c - a book of Debilitation

   Spells                             Type                      Level
   a - Corona                         Hexes                        1
   b - Slow                           Hexes                        2
   c - Gell's Gravitas                Hexes/Translocation          3
   d - Inner Flame                    Hexes/Fire                   3
   e - Cause Fear                     Hexes                        4
   f - Leda's Liquefaction            Hexes/Earth                  4
Comestibles
 f - 2 bread rations


   Skills:
 + Level 1.3 Fighting
 + Level 3.0 Slings
 + Level 0.2(1.6) Throwing
 + Level 1.8 Dodging
 + Level 0.3 Stealth
 + Level 1.1 Spellcasting
 + Level 4.2 Hexes


You had 3 spell levels left.
You knew the following spells:

 Your Spells              Type           Power        Failure   Level  Hunger
a - Corona                Hex            ##.....      8%          1    ##.....


Dungeon Overview and Level Annotations

Branches:
Dungeon (2/15)

Altars:


Innate Abilities, Weirdness & Mutations

You are under a permanent stasis effect.
You can dig through walls and to a lower floor.
Your four strong arms can wield two-handed weapons with a shield.
You have a pair of large antennae on your head. (SInv)


Message History

The worm bites you.
You hit the worm.
The worm is moderately wounded.
The bat closely misses you.
You hit the worm.
The worm is heavily wounded.
The bat misses you. The worm bites you.
You barely miss the worm.
The worm is moderately wounded.
The bat hits you but does no damage. The worm bites you.
You hit the worm.
The worm is severely wounded.
The bat hits you. The bat barely misses you. The bat closely misses you.
You hit the worm.
The worm is severely wounded.
The bat closely misses you. The worm completely misses you.
You hit the worm but do no damage.
The worm is severely wounded.
The bat hits you but does no damage. The worm bites you!
You die...

#### ...#
...####
.......
......$
.......
#####.......
#...@b......
#.###w..####
...# ..(#
...# ...#
##.# .#


You could see a worm and a bat.

Vanquished Creatures
  An ooze (D:1)
  A worm (D:1)
  A dart slug (D:1)
  A leopard gecko (D:1)
  A bat (D:1)
  3 goblins (D:1)
  2 hobgoblins (D:1)
  A ball python (D:1)
  2 frilled lizards (D:1)
  3 kobolds (D:1)
  3 rats (D:1)
19 creatures vanquished.

Notes
Turn   | Place    | Note
-------+----------+-------------------------------------------
     0 | D:1      | joejoepie the Formicid Arcane Marksman began the quest for the Orb.
     0 | D:1      | Reached XP level 1. HP: 15/15 MP: 2/2
   209 | D:1      | Reached XP level 2. HP: 16/21 MP: 3/3
   321 | D:1      | Reached skill level 4 in Hexes
   459 | D:1      | Reached XP level 3. HP: 24/26 MP: 4/4
  1181 | D:2      | Slain by a worm

Skill      XL: |  1  2  3 |
---------------+----------+-----
Hexes          | 4 |  4.2
Slings         | 3 |  3.0
Fighting       | |  1.3
Throwing       | |  0.2
Dodging        | |  1.8
Stealth        | |  0.3
Spellcasting   | |  1.1

Action                   || total
-------------------------++-------
Melee: Short sword       ||     6
       Spear             ||    10
 Fire: Hunting sling     ||    44
Throw: Stone             ||     5
  Use: Scroll            ||     2
  Eat: Chunk             ||     1
Armor: Robe              ||     3
Dodge: Dodged            ||    18
